 Dungeon Crawl Stone Soup version 0.20.1-1-g8b1a95d (webtiles) character file.

95 dmj the Shield-Bearer (level 4, -1/36 HPs)
             Began as a Human Fighter on July 30, 2017.
             Slain by Crazy Yiuf
             ... wielding a +2 quarterstaff of chaos
              (6 damage)
             ... on level 3 of the Dungeon.
             The game lasted 00:07:11 (1635 turns).

dmj the Shield-Bearer (Human Fighter)               Turns: 1635, Time: 00:07:13

Health: -1/36      AC:  7    Str: 16    XL:     4   Next: 97%
Magic:  4/4        EV:  7    Int:  8    God:
Gold:   117        SH:  9    Dex: 14    Spells: 3/3 levels left

rFire    . . .     SeeInvis .   h - +0 spear
rCold    + . .     Gourm    .   c - +0 shield
rNeg     . . .     Faith    .   b - +0 scale mail
rPois    .         Spirit   .   (helmet restricted)
rElec    .         Reflect  .   (no cloak)
rCorr    .         Harm     .   (no gloves)
MR       .....                  (no boots)
Stlth    ..........             (no amulet)
Regen    0.2/turn               (no ring)
MPRegen  0.1/turn               (no ring)

@: lethally poisoned (-1 -> -14)
A: horns 1, rugged brown scales 1, cold resistance 1
a: no special abilities


You were on level 3 of the Dungeon.
You were not hungry.

You visited 1 branch of the dungeon, and saw 3 of its levels.

You collected 117 gold pieces.

Inventory:

Hand Weapons
 a - a +0 war axe
 h - a +0 spear (weapon)
 i - a +0 hunting sling
Armour
 b - a +0 scale mail (worn)
 c - a +0 shield (worn)
 p - a +0 robe
Scrolls
 e - a scroll of identify
 k - a scroll of remove curse
Potions
 d - 2 potions of might
 f - a potion of lignification {unknown}
 g - a potion of agility
 r - a potion of brilliance {unknown}


   Skills:
 + Level 3.5 Fighting
 + Level 3.0(3.1) Axes
 + Level 1.1(2.2) Polearms
 + Level 3.1 Armour
 + Level 1.1 Dodging
 + Level 3.6 Shields


You had 3 spell levels left.
You didn't know any spells.

Dungeon Overview and Level Annotations

Branches:
Dungeon (3/15)

Altars:
Trog

Annotations:
D:3 Crazy Yiuf


Innate Abilities, Weirdness & Mutations

You have a pair of small horns on your head.
You are partially covered in rugged brown scales. (AC +1, +3% HP)
Your flesh is cold resistant. (rC+)


Message History

Your shield and scale mail prevent you from hitting Crazy Yiuf.
Your headbutt misses Crazy Yiuf.
Crazy Yiuf is lightly wounded.
Crazy Yiuf cries, "You leg down broken song, no?"
Crazy Yiuf barely misses you.
You hit Crazy Yiuf.
Crazy Yiuf is moderately wounded.
Crazy Yiuf hits you with a quarterstaff of chaos!
* * * LOW HITPOINT WARNING * * *
You are lethally poisoned!
You hit Crazy Yiuf but do no damage.
Crazy Yiuf is moderately wounded.
* * * LOW HITPOINT WARNING * * *
You feel sick. Crazy Yiuf hits you but does no damage.
You hit Crazy Yiuf but do no damage. Your headbutt misses Crazy Yiuf.
Crazy Yiuf is moderately wounded.
* * * LOW HITPOINT WARNING * * *
You feel sick.
Crazy Yiuf hits you with a quarterstaff of chaos.
You die...

#.#
#....#
#.#
♣....♣
#.#
♣♣...♣
♣♣.♣♣
♣♣.♣
♣.♣♣
♣♣.♣
♣.♣♣
#@#
#.g.#
#...#
#)..#
#####


You could see Crazy Yiuf.

Vanquished Creatures
  Jessica (D:2)
  An adder (D:2)
  An ooze (D:1)
  2 worms (D:2)
  3 leopard geckos
  A ball python (D:1)
  7 bats
  2 giant cockroaches
  10 goblins
  4 hobgoblins
  7 kobolds
  5 rats
44 creatures vanquished.

Notes
Turn   | Place    | Note
-------+----------+-------------------------------------------
     0 | D:1      | dmj the Human Fighter began the quest for the Orb.
     0 | D:1      | Reached XP level 1. HP: 18/18 MP: 1/1
   176 | D:1      | Reached XP level 2. HP: 23/24 MP: 2/2
   436 | D:1      | Reached XP level 3. HP: 27/29 MP: 3/3
   946 | D:2      | Reached XP level 4. HP: 34/35 MP: 4/4
  1168 | D:2      | Noticed Jessica
  1186 | D:2      | Killed Jessica
  1186 | D:2      | Reached skill level 1 in Polearms
  1236 | D:2      | Reached skill level 1 in Dodging
  1314 | D:2      | Gained mutation: You have a pair of small horns on your head. [potion of mutation]
  1314 | D:2      | Gained mutation: Your flesh is cold resistant. (rC+) [potion of mutation]
  1314 | D:2      | Gained mutation: You are partially covered in rugged brown scales. (AC +1, +3% HP) [potion of mutation]
  1552 | D:2      | Found a bloodstained altar of Trog.
  1623 | D:3      | Found a runed door.
  1627 | D:3      | Noticed Crazy Yiuf
  1635 | D:3      | Slain by Crazy Yiuf

Skill      XL: |  1  2  3  4 |
---------------+-------------+-----
Axes           | 3 |  3.0
Polearms       | 1 |  1.1
Dodging        | 1 |  1.1
Fighting       | |  3.5
Armour         | |  3.1
Shields        | |  3.6

Action                   |  1- 3 |  4- 6 || total
-------------------------+-------+-------++-------
Melee: War axe           |    76 |       ||    76
       Spear             |    43 |    78 ||   121
       Headbutt          |       |     6 ||     6
  Use: Scroll            |     1 |     4 ||     5
       Potion            |       |     4 ||     4
 Stab: Invisible         |       |     2 ||     2
  Eat: Bread ration      |       |     1 ||     1
       Chunk             |       |     1 ||     1
Armor: Scale mail        |    64 |    22 ||    86
Dodge: Dodged            |    44 |    16 ||    60
Block: Shield            |    73 |    27 ||   100
